 Dungeon Crawl Stone Soup version 0.27-a0-1572-gacd6f1ce93 (webtiles) character file.

Game seed: 2107962585729678168

98 DocSulfur the Ducker (level 5, -1/38 HPs)
             Began as a Djinni Gladiator on July 17, 2021.
             Slain by an orc (2 damage)
             ... on level 3 of the Dungeon.
             The game lasted 00:10:43 (1615 turns).

DocSulfur the Ducker (Djinni Gladiator)             Turns: 1615, Time: 00:10:44

Health: -1/38      AC: 10    Str: 14    XL:     5   Next: 1%
Gold:   97         EV: 12    Int:  9    God:
                   SH:  0    Dex: 15

rFire    + + +     SeeInvis .   a - +0 long sword
rCold    x . .     Faith    .   (no shield)
rNeg     . . .     Spirit   .   j - +0 swamp dragon scales
rPois    ∞         Reflect  .   c - +0 helmet
rElec    .         Harm     .   (no cloak)
rCorr    .         Rampage  .   f - +1 pair of gloves
Will     .....                  (boots unavailable)
Stlth    +.........             (no amulet)
HPRegen  0.12/turn              k - ring of protection from fire
MPRegen  0.00/turn              (no ring)

@: flying
A: sickness immunity, fire resistance 2, cold vulnerability 1, float, innate
caster, hp casting, extra vitality 1
a: no special abilities


You were on level 3 of the Dungeon.
You visited 1 branch of the dungeon, and saw 3 of its levels.

You collected 97 gold pieces.

Inventory:

Hand Weapons
 a - a +0 long sword (weapon)
Missiles
 b - 76 stones
 d - 3 throwing nets
 e - 25 bolts
 h - 60 arrows
 l - 2 boomerangs (quivered)
Armour
 c - a +0 helmet (worn)
 f - a +1 pair of gloves (worn)
 j - +0 swamp dragon scales (worn)
Jewellery
 k - a ring of protection from fire (left hand)
Scrolls
 i - a scroll of immolation
 n - a scroll of enchant weapon {unknown}
 o - a scroll of summoning {unknown}
Potions
 g - 2 potions of curing {unknown}
 m - a potion of might {unknown}


   Skills:
 - Level 2.0 Fighting
 + Level 3.1 Long Blades
 + Level 2.2 Throwing
 + Level 4.0 Dodging
 * Level 1.7 Spellcasting


You had 4 spell levels left.
You knew the following spells:

 Your Spells              Type           Power      Damage    Failure   Level
a - Magic Dart            Conj           12%        1d3       34%         1
b - Searing Ray           Conj           6%         3d3       45%         2
Your spell library was empty.

Dungeon Overview and Level Annotations

Branches:
Dungeon (3/15)

Altars:

Shops:
D:1 *   D:2 ((*


Innate Abilities, Weirdness & Mutations

You are immune to sickness and miasma.
You are immune to poison.
Your flesh is very heat resistant. (rF++)
You are vulnerable to cold. (rC-)
You float through the air rather than walking.
You learn spells naturally, not from books.
Your magical power is your life essence.
You have superior vitality. (+4 HP)


Message History

Your Dodging skill increases to level 4!
You hit the orc.
You kill the orc!
The orc hits you but does no damage. The orc barely misses you.
The dart slug launches a dart at you. The slug dart misses you.
You have reached level 5!
The power to cast Searing Ray wells up from within.
Spell assigned to 'b'.
You hit the orc.
The orc is heavily wounded.
The orc closely misses you. The orc hits you with a +0 flail.
The orc closely misses you.
You riposte.
You barely miss the orc.
The orc is moderately wounded.
The orc hits you with a +0 whip.
* * * LOW HITPOINT WARNING * * *
You closely miss the orc.
The orc is moderately wounded.
The dart slug bites you but does no damage.
The orc hits you with a +0 flail.
* * * LOW HITPOINT WARNING * * *
The orc hits you but does no damage.
Okay, then.
You barely miss the orc.
The orc is moderately wounded.
The orc misses you. The orc closely misses you.
The dart slug bites you but does no damage.
You hit the dart slug.
The dart slug is severely wounded.
The orc hits you but does no damage. The orc misses you.
You riposte.
You closely miss the orc.
The orc is moderately wounded.
The dart slug launches a dart at you. The slug dart misses you.
You barely miss the dart slug.
The dart slug is severely wounded.
The orc barely misses you. The orc hits you with a +0 flail!
* * * LOW HITPOINT WARNING * * *
The orc hits you with a +0 whip.
You die...

################
#.......#...†..#
#.......#....w@#
#.......#....oo#
#.......#......#
#.......#......#
###..............#
.......####......#
....#######......#
##.##........#####
.............#


You could see a dart slug and 2 orcs.

Vanquished Creatures
  An orc wizard (D:3)
  A gnoll (D:1)
  2 adders (D:2)
  A worm (D:2)
  A dart slug (D:2)
  2 orcs (D:3)
  8 ball pythons
  3 endoplasms
  A giant cockroach (D:1)
  3 goblins
  2 kobolds (D:1)
  3 quokkas
  5 bats
  4 frilled lizards
  10 rats
47 creatures vanquished.

Notes
Turn   | Place    | Note
-------+----------+-------------------------------------------
     0 | D:1      | DocSulfur the Djinni Gladiator began the quest for the Orb.
     0 | D:1      | Reached XP level 1. HP: 18/18 MP: 0/0
    40 | D:1      | Found Qegamamm's General Store.
   191 | D:1      | Found a faded altar of an unknown god.
   204 | D:1      | Reached XP level 2. HP: 9/23 MP: 0/0
   549 | D:1      | Reached XP level 3. HP: 17/28 MP: 0/0
   549 | D:1      | Learned a level 1 spell: Magic Dart
   707 | D:1      | Reached skill level 1 in Spellcasting
  1012 | D:2      | Found Jaarchuishra's Assorted Antiques.
  1069 | D:2      | Found Imesm's Weapon Shoppe.
  1115 | D:2      | Reached XP level 4. HP: 27/33 MP: 0/0
  1379 | D:2      | Found Zawiwerah's Weapon Shop.
  1610 | D:3      | Reached skill level 4 in Dodging
  1611 | D:3      | Reached XP level 5. HP: 16/38 MP: 0/0
  1611 | D:3      | Learned a level 2 spell: Searing Ray
  1615 | D:3      | HP: 1/38 [orc (8)]
  1615 | D:3      | Slain by an orc

Illustrated notes

Levels and vault maps discovered:
D:1:      amcnicky_arrival_flooded_fountain, layout_rooms, serial_shops,
          nicolae_shop_stone, hellmonk_ecumenical_altar_blasted, st_stairs_5
D:2:      layout_rooms, serial_shops, shop,
          nicolae_shop_competitors_out_of_business, nicolae_lakefront_shop,
          serial_corexii_hall, corexii_hall_statues_t, corexii_hall_statues_i
D:3:      layout_rooms, chequers_garden, chequers_serial_rivers_room_a

Skill      XL: |  1  2  3  4 |
---------------+-------------+-----
Spellcasting   | 1 |  1.7
Long Blades    | 3 |  3.1
Throwing       | 2 |  2.2
Dodging        | 4 |  4.0
Fighting       | |  2.0

Action                   |  1- 3 |  4- 6 || total
-------------------------+-------+-------++-------
Melee: Long sword        |    61 |    36 ||    97
Throw: Boomerang         |     8 |       ||     8
Armor: Leather armour    |    15 |       ||    15
       Swamp dragon scal |    12 |    32 ||    44
Dodge: Dodged            |    47 |    38 ||    85
       Rpst.: Long sword |     9 |     9 ||    18

Table legend: (Time is in decaauts)
 A = Elapsed time spent in this place.
 B = Non-inter-level travel time spent in this place.
 C = Inter-level travel time spent in this place.
 D = Time resting spent in this place.
 E = Time spent auto-exploring this place.
 F = Levels seen in this place.
 G = Mean time per level.
                   A        B        C        D        E       F      G
               +--------+--------+--------+--------+--------+-----+--------+
         Total |   1640 |   1581 |     59 |      0 |    771 |   3 |  546.7 |
       Dungeon |   1640 |   1581 |     59 |      0 |    771 |   3 |  546.7 |
               +--------+--------+--------+--------+--------+-----+--------+

Top non-repeatable levels by time:
     D:1: 929 daAuts
     D:2: 616 daAuts
     D:3: 94 daAuts
